WCHLSIM.com - West Coast Hockey League
Dernière mise à jour: 2025-12-07 16:11:59
html PUBLIC "-//W3C//DTD XHTML 1.0 Transitional//EN" "http://www.w3.org/TR/xhtml1/DTD/xhtml1-transitional.dtd"> WCHL - Game 272 - VANCOUVER VOODOO vs SASKATOON DUCKS

VANCOUVER VOODOO vs SASKATOON DUCKS

Created - 24 novembre 2024 at 11:32

Goals
1 2 3 T
VANCOUVER VOODOO 0 2 0 2
SASKATOON DUCKS 1 0 0 1
Shots
1 2 3 T
VANCOUVER VOODOO 12 12 6 30
SASKATOON DUCKS 11 7 16 34

1st period

1. SASKATOON DUCKS , Mathieu Joseph 3 (Jake Sanderson 15, Robert Fabbri 5) at 18:49

Penalties :
Jake Sanderson (SAS) for Elbowing (Minor) at 6:44

2nd period

2. VANCOUVER VOODOO , Brock Boeser 8 (Joshua Norris 12, Jonathan Drouin 11) at 7:00
3. VANCOUVER VOODOO , Alex Newhook 4 (Patrick Kane 6, Nick Bonino 3) at 8:44

Penalties :
Ben Chiarot (SAS) for Roughing (Minor) at 9:47, Ivan Barbashev (SAS) for Cross-checking (Minor) at 12:26, Ben Chiarot (SAS) for Goalie Interference (Minor) at 14:57, Ivan Barbashev (SAS) for Charging (Minor) at 19:49

3rd period

No Goal

Penalties :
Jonathan Drouin (VAN) for Hooking (Minor) at 2:54

Goalie Stats

Samuel Montembeault (VAN), 33 saves from 34 shots - (0,971), W, 4-2-0, 60:00 minutes
Cayden Primeau (SAS), 28 saves from 30 shots - (0,933), L, 3-5-1, 59:01 minutes

Players Stats for VANCOUVER VOODOO

Player Name              G  A  P  +/- PIM S  H  SB GA TA FO     MP     PP MP  PK MP  
------------------------------------------------------------------------------------
Alex Newhook             1  0  1   1  0   5  1  0  0  0  8/26   20:48   5:22   0:00 
Barclay Goodrow          0  0  0   0  0   5  0  1  0  0  8/16   12:00   0:00   1:35 
Braden Schneider         0  0  0   1  0   1  0  3  0  0  0/0    23:17   3:05   0:18 
Brock Boeser             1  0  1   1  0   2  1  0  0  0  0/0    21:35   5:22   0:00 
Chris Tanev              0  0  0   0  0   0  0  1  0  0  0/0     2:06   0:00   0:00 
Damon Severson           0  0  0   0  0   4  3  2  0  0  0/0    24:53   4:26   1:04 
Evander Kane             0  0  0   0  0   3  3  0  0  0  1/2    15:05   5:22   0:00 
Jack McBain              0  0  0  -1  0   0  0  1  0  0  6/10    7:56   0:00   0:24 
Joel Armia               0  0  0   0  0   3  0  0  0  0  0/1     9:43   0:00   0:00 
Jonathan Drouin          0  1  1   1  2   2  0  0  0  0  2/2    20:45   4:33   0:00 
Jordan Harris            0  0  0   1  0   1  0  0  0  0  0/0    23:46   5:29   1:01 
Joshua Norris            0  1  1   1  0   1  0  0  0  0  13/24  21:25   4:33   0:39 
Nick Bonino              0  1  1   1  0   0  1  0  0  0  2/4    15:34   0:00   0:56 
Nicolas Hague            0  0  0   0  0   1  3  0  0  0  0/0    23:46   1:21   1:35 
Nils Hoglander           0  0  0  -1  0   0  0  0  0  0  0/0     7:12   0:00   0:00 
Patrick Kane             0  1  1   1  0   1  3  0  0  0  1/1    18:49   4:33   0:00 
Rafael Harvey-Pinard     0  0  0  -1  0   0  0  0  0  0  0/0     8:18   0:00   0:24 
Simon Nemec              0  0  0   0  0   1  0  1  0  0  0/0    21:02   5:29   0:00 

Players Stats for SASKATOON DUCKS

Player Name              G  A  P  +/- PIM S  H  SB GA TA FO     MP     PP MP  PK MP  
------------------------------------------------------------------------------------
Ben Chiarot              0  0  0   0  4   0  1  2  0  0  0/0    17:42   0:00   2:50 
Cam Atkinson             0  0  0  -1  0   0  1  1  0  0  0/1    18:18   0:00   6:16 
Emil Martinsen Lilleberg 0  0  0  -2  0   0  5  0  0  0  0/0    15:49   0:00   1:59 
Erik Gustafsson          0  0  0  -2  0   0  0  1  0  0  0/0    14:14   0:00   0:24 
Ivan Barbashev           0  0  0   0  4   0  0  0  0  0  1/1    21:20   1:12   1:55 
Jake Guentzel            0  0  0   0  0   9  0  0  0  0  0/0    19:44   0:47   0:00 
Jake Sanderson           0  1  1   1  2   2  1  2  0  0  0/0    24:26   0:56   4:09 
Jordan Staal             0  0  0   0  0   3  3  1  0  0  18/28  19:01   1:12   6:29 
Kailer Yamamoto          0  0  0   0  0   1  0  0  0  0  0/0     5:47   0:00   0:00 
Kasperi Kapanen          0  0  0   0  0   1  0  0  0  0  0/0     5:47   0:00   0:00 
Mathieu Joseph           1  0  1  -1  0   4  2  0  0  0  0/1    13:47   1:03   0:00 
Milan Lucic              0  0  0   0  0   0  0  0  0  0  0/0     0:02   0:00   0:02 
Ondrej Palat             0  0  0   0  0   1  1  0  0  0  0/0    12:32   1:12   0:00 
Robert Fabbri            0  1  1  -1  0   0  0  1  0  0  7/17   12:49   0:47   0:00 
Ryan Strome              0  0  0   0  0   3  0  0  0  0  6/15   21:25   0:00   4:18 
Samuel Girard            0  0  0   0  0   2  0  2  0  0  0/0    19:44   1:03   3:47 
Sidney Crosby            0  0  0   0  0   6  1  1  0  0  13/23  20:34   0:47   0:50 
T.J. Brodie              0  0  0   1  0   2  2  0  0  0  0/0    26:59   0:56   6:41 

3 Stars

1 - Samuel Montembeault (VAN)
2 - Brock Boeser (VAN)
3 - Alex Newhook (VAN)

Power Play

VANCOUVER VOODOO - 0 on 5 Attempt(s) - 0,00%
SASKATOON DUCKS - 0 on 1 Attempt(s) - 0,00%

Penalty Kill

VANCOUVER VOODOO - 1 on 1 Attempt(s) - 100,00% - Score 0 goal in Penalty Kill
SASKATOON DUCKS - 5 on 5 Attempt(s) - 100,00% - Score 0 goal in Penalty Kill

Team Stat

VANCOUVER VOODOO - Hits : 15 - Faceoff Wins : 41 - Blocked Shots : 9 - Penalty Minutes : 2
SASKATOON DUCKS - Hits : 17 - Faceoff Wins : 45 - Blocked Shots : 11 - Penalty Minutes : 10

Official

Referees : Conor O'Donnell and Pierre Lambert
Linesman : Brad Kovachik and Kiel Murchison

Game Notes

Chris Tanev is injured at 6:34 of 1st period (Sprained Left Finger)

Finance

Level 1 -- Attendance: 6600 (100,00%) -- Ticket Income 693 000 $
Level 2 -- Attendance: 5600 (100,00%) -- Ticket Income 364 000 $
Level 3 -- Attendance: 2200 (100,00%) -- Ticket Income 88 000 $
Level 4 -- Attendance: 4600 (100,00%) -- Ticket Income 115 000 $
Luxury Box -- Attendance: 1000 (100,00%) -- Ticket Income 205 000 $
Total Attendance: 20000 (100,00%)
Total Ticket Income: 1 465 000 $
Other Expense: 14 650 $
Total Income: 1 450 350 $

VANCOUVER VOODOO

5 vs 5 Forward 
   Center                   Left Wing                Right Wing               Time % Phy DF OF 
 1 Joshua Norris            Jonathan Drouin          Brock Boeser             33     1   1  3  
 2 Alex Newhook             Nick Bonino              Patrick Kane             32     1   2  2  
 3 Barclay Goodrow          Evander Kane             Joel Armia               22     1   3  1  
 4 Jack McBain              Rafael Harvey-Pinard     Nils Hoglander           13     3   1  1  

5 vs 5 Defense 
   Defense                  Defense                                           Time % Phy DF OF 
 1 Damon Severson           Chris Tanev                                       36     1   2  2  
 2 Braden Schneider         Nicolas Hague                                     34     2   1  2  
 3 Jordan Harris            Simon Nemec                                       30     3   1  1  
 4 Braden Schneider         Chris Tanev                                       0      1   2  2  

PowerPlay Forward 
   Center                   Left Wing                Right Wing               Time % Phy DF OF 
 1 Joshua Norris            Jonathan Drouin          Patrick Kane             53     1   1  3  
 2 Alex Newhook             Evander Kane             Brock Boeser             47     2   1  2  

PowerPlay Defense
   Defense                  Defense                                           Time % Phy DF OF 
 1 Braden Schneider         Damon Severson                                    53     1   1  3  
 2 Simon Nemec              Jordan Harris                                     47     1   2  2  

Penalty Kill 4 Players Forward 
   Center                   Wing                     Time % Phy DF OF 
 1 Nick Bonino              Barclay Goodrow          60     1   4  0  
 2 Jack McBain              Rafael Harvey-Pinard     40     2   2  1  

Penalty Kill 4 Players Defense
   Defense                  Defense                  Time % Phy DF OF 
 1 Nicolas Hague            Chris Tanev              53     2   3  0  
 2 Damon Severson           Jordan Harris            47     1   3  1  

Penalty Kill - 3 Players Forward 
   Forward                                           Time % Phy DF OF 
 1 Nick Bonino                                       55     1   4  0  
 2 Barclay Goodrow                                   45     2   3  0  

Penalty Kill - 3 Players Defense
   Defense                  Defense                  Time % Phy DF OF 
 1 Nicolas Hague            Chris Tanev              52     1   4  0  
 2 Simon Nemec              Braden Schneider         48     1   3  1  

4 vs 4 Forward 
   Center                   Wing                     Time % Phy DF OF 
 1 Joshua Norris            Joel Armia               51     1   2  2  
 2 Alex Newhook             Evander Kane             49     2   1  2  

4 vs 4 Defense
   Defense                  Defense                  Time % Phy DF OF 
 1 Nicolas Hague            Jordan Harris            52     1   2  2  
 2 Braden Schneider         Chris Tanev              48     1   2  2  

Last Minutes Offensive
   Center                   Left Wing                Right Wing               Defense                  Defense                  
   Joshua Norris            Jonathan Drouin          Patrick Kane             Damon Severson           Chris Tanev              

Last Minutes Defensive
   Center                   Left Wing                Right Wing               Defense                  Defense                  
   Nick Bonino              Rafael Harvey-Pinard     Barclay Goodrow          Chris Tanev              Braden Schneider         

Goaltenders
Starting : Samuel Montembeault      
Backup : Filip Gustavsson         

Extra Forwards
Normal : Brock Boeser, Joshua Norris, Jonathan Drouin - PP : Nils Hoglander, Joel Armia - PK : Joshua Norris
Extra Defensemen
Normal : Nicolas Hague, Chris Tanev, Jordan Harris - PP : Braden Schneider - PK : Jordan Harris, Damon Severson
Penalty Shots
Brock Boeser, Patrick Kane, Jonathan Drouin, Joshua Norris, Nils Hoglander
Custom OT Lines Forwards
Patrick Kane, Joshua Norris, Brock Boeser, Jonathan Drouin, Alex Newhook, Evander Kane, Barclay Goodrow, Joel Armia, Nick Bonino, Nils Hoglander
Custom OT Lines Defensemen
Chris Tanev, Damon Severson, Nicolas Hague, Jordan Harris, Braden Schneider

Scratches
Sean Couturier (Strained Back Injury), Kirby Dach (Healthy), Noah Juulsen (Healthy)

SASKATOON DUCKS

5 vs 5 Forward 
   Center                   Left Wing                Right Wing               Time % Phy DF OF 
 1 Sidney Crosby            Jake Guentzel            Ivan Barbashev           36     1   2  2  
 2 Jordan Staal             Ondrej Palat             Ryan Strome              31     1   2  2  
 3 Robert Fabbri            Mathieu Joseph           Cam Atkinson             23     1   2  2  
 4 Ryan Strome              Kasperi Kapanen          Kailer Yamamoto          10     1   2  2  

5 vs 5 Defense 
   Defense                  Defense                                           Time % Phy DF OF 
 1 T.J. Brodie              Jake Sanderson                                    36     1   2  2  
 2 Ben Chiarot              Samuel Girard                                     31     1   2  2  
 3 Erik Gustafsson          Emil Martinsen Lilleberg                          23     1   2  2  
 4 T.J. Brodie              Jake Sanderson                                    10     1   2  2  

PowerPlay Forward 
   Center                   Left Wing                Right Wing               Time % Phy DF OF 
 1 Sidney Crosby            Jake Guentzel            Mathieu Joseph           55     1   2  2  
 2 Jordan Staal             Ondrej Palat             Ivan Barbashev           45     1   2  2  

PowerPlay Defense
   Defense                  Defense                                           Time % Phy DF OF 
 1 T.J. Brodie              Jake Sanderson                                    55     1   2  2  
 2 Mathieu Joseph           Samuel Girard                                     45     1   2  2  

Penalty Kill 4 Players Forward 
   Center                   Wing                     Time % Phy DF OF 
 1 Jordan Staal             Cam Atkinson             55     1   2  2  
 2 Ryan Strome              Ivan Barbashev           45     1   2  2  

Penalty Kill 4 Players Defense
   Defense                  Defense                  Time % Phy DF OF 
 1 T.J. Brodie              Jake Sanderson           55     1   2  2  
 2 Ben Chiarot              Samuel Girard            45     1   2  2  

Penalty Kill - 3 Players Forward 
   Forward                                           Time % Phy DF OF 
 1 Jordan Staal                                      55     1   2  2  
 2 Ivan Barbashev                                    45     1   2  2  

Penalty Kill - 3 Players Defense
   Defense                  Defense                  Time % Phy DF OF 
 1 T.J. Brodie              Jake Sanderson           55     1   2  2  
 2 Ben Chiarot              Samuel Girard            45     1   2  2  

4 vs 4 Forward 
   Center                   Wing                     Time % Phy DF OF 
 1 Sidney Crosby            Jake Guentzel            55     1   2  2  
 2 Jordan Staal             Ivan Barbashev           45     1   2  2  

4 vs 4 Defense
   Defense                  Defense                  Time % Phy DF OF 
 1 T.J. Brodie              Jake Sanderson           55     1   2  2  
 2 Ben Chiarot              Samuel Girard            45     1   2  2  

Last Minutes Offensive
   Center                   Left Wing                Right Wing               Defense                  Defense                  
   Sidney Crosby            Jake Guentzel            Mathieu Joseph           T.J. Brodie              Jake Sanderson           

Last Minutes Defensive
   Center                   Left Wing                Right Wing               Defense                  Defense                  
   Sidney Crosby            Jake Guentzel            Mathieu Joseph           T.J. Brodie              Jake Sanderson           

Goaltenders
Starting : Cayden Primeau           
Backup : Matt Tomkins             

Extra Forwards
Normal : Sidney Crosby, Mathieu Joseph, Ivan Barbashev - PP : Robert Fabbri, Ryan Strome - PK : Cam Atkinson
Extra Defensemen
Normal : Jake Sanderson, T.J. Brodie, Ben Chiarot - PP : Ben Chiarot - PK : T.J. Brodie, Ben Chiarot
Penalty Shots
Sidney Crosby, Jake Guentzel, Jordan Staal, Ivan Barbashev, Ondrej Palat
Custom OT Lines Forwards
Sidney Crosby, Jake Guentzel, Jordan Staal, Ivan Barbashev, Ondrej Palat, Ryan Strome, Mathieu Joseph, Cam Atkinson, Robert Fabbri, Kasperi Kapanen
Custom OT Lines Defensemen
T.J. Brodie, Jake Sanderson, Ben Chiarot, Samuel Girard, Erik Gustafsson

Scratches
Tristan Jarry (Fractured Metatarsal (Right Foot) Injury)

% Time on Ice - VANCOUVER VOODOO

Lines # - Real PCT - Wanted PCT - Time Play
Normal Forward
1 - 34% - 33% - 16:13
2 - 30% - 32% - 14:16
3 - 20% - 22% - 9:43
4 - 15% - 13% - 7:12
Normal Defense
1 - 40% - 36% - 19:02
2 - 18% - 34% - 8:25
3 - 25% - 30% - 11:59
4 - 17% - 0% - 7:58
PP Forward
1 - 46% - 53% - 4:33
2 - 54% - 47% - 5:22
PP Defense
1 - 45% - 53% - 4:26
2 - 55% - 47% - 5:29
PK Forward
1 - 80% - 60% - 1:35
2 - 20% - 40% - 0:24
PK Defense
1 - 95% - 53% - 1:53
2 - 5% - 47% - 0:06
PK3 Forward
1 - 0% - 55%
2 - 0% - 45%
PK3 Defense
1 - 0% - 52%
2 - 0% - 48%
44 Forward
1 - 0% - 51%
2 - 0% - 49%
44 Defense
1 - 0% - 52%
2 - 0% - 48%
Last Minute Offensive  - 0:00
Last Minute Defensive  - 0:42
Total
Forward - 60:00
Defense - 60:00

% Time on Ice - SASKATOON DUCKS

Lines # - Real PCT - Wanted PCT - Time Play
Normal Forward
1 - 39% - 36% - 18:15
2 - 24% - 31% - 11:20
3 - 25% - 23% - 12:02
4 - 12% - 10% - 5:47
Normal Defense
1 - 35% - 36% - 16:40
2 - 31% - 31% - 14:54
3 - 29% - 23% - 13:50
4 - 4% - 10% - 2:00
PP Forward
1 - 39% - 55% - 0:47
2 - 61% - 45% - 1:12
PP Defense
1 - 47% - 55% - 0:56
2 - 53% - 45% - 1:03
PK Forward
1 - 56% - 55% - 5:35
2 - 44% - 45% - 4:20
PK Defense
1 - 62% - 55% - 6:08
2 - 38% - 45% - 3:47
PK3 Forward
1 - 0% - 55%
2 - 0% - 45%
PK3 Defense
1 - 0% - 55%
2 - 0% - 45%
44 Forward
1 - 0% - 55%
2 - 0% - 45%
44 Defense
1 - 0% - 55%
2 - 0% - 45%
Last Minute Offensive  - 0:42
Last Minute Defensive  - 0:00
Total
Forward - 60:00
Defense - 60:00

Play-by-Play

1st period


0:01 of 1st period - Jonathan Drouin wins face-off versus Sidney Crosby in neutral zone.
0:26 of 1st period - Shot by Sidney Crosby.
0:26 of 1st period - Stopped by Samuel Montembeault with a rebound.
0:28 of 1st period - Shot by Jake Sanderson.
0:28 of 1st period - Stopped by Samuel Montembeault without a rebound.
0:29 of 1st period - Patrick Kane wins face-off versus Jordan Staal in VANCOUVER VOODOO zone.
0:29 of 1st period - Alex Newhook is hit by Ondrej Palat and loses puck.
0:44 of 1st period - Shot by Alex Newhook.
0:44 of 1st period - Stopped by Cayden Primeau without a rebound.
0:45 of 1st period - Barclay Goodrow wins face-off versus Robert Fabbri in SASKATOON DUCKS zone.
0:48 of 1st period - Shot by Evander Kane.
0:48 of 1st period - Stopped by Cayden Primeau with a rebound.
0:50 of 1st period - Shot by Joel Armia.
0:50 of 1st period - Stopped by Cayden Primeau without a rebound.
0:51 of 1st period - Jack McBain wins face-off versus Robert Fabbri in SASKATOON DUCKS zone.
1:01 of 1st period - Icing by Emil Martinsen Lilleberg.
1:02 of 1st period - Robert Fabbri wins face-off versus Joel Armia in SASKATOON DUCKS zone.
1:23 of 1st period - Shot by Mathieu Joseph.
1:23 of 1st period - Shot Misses the Net.
1:26 of 1st period - Icing by Joel Armia.
1:27 of 1st period - Jordan Staal wins face-off versus Barclay Goodrow in VANCOUVER VOODOO zone.
1:32 of 1st period - Shot by Ondrej Palat.
1:32 of 1st period - Shot Misses the Net.
1:38 of 1st period - Shot by Jordan Staal.
1:38 of 1st period - Stopped by Samuel Montembeault without a rebound.
1:39 of 1st period - Alex Newhook wins face-off versus Sidney Crosby in VANCOUVER VOODOO zone.
1:52 of 1st period - Shot by Alex Newhook.
1:52 of 1st period - Stopped by Cayden Primeau without a rebound.
1:53 of 1st period - Ryan Strome wins face-off versus Joshua Norris in SASKATOON DUCKS zone.
2:02 of 1st period - Shot by Brock Boeser.
2:02 of 1st period - Shot Misses the Net.
2:04 of 1st period - Shot by Joshua Norris.
2:04 of 1st period - Shot Misses the Net.
2:06 of 1st period - Shot by Brock Boeser.
2:06 of 1st period - Stopped by Cayden Primeau without a rebound.
2:07 of 1st period - Ivan Barbashev wins face-off versus Alex Newhook in SASKATOON DUCKS zone.
2:22 of 1st period - Shot by Jake Guentzel.
2:22 of 1st period - Stopped by Samuel Montembeault without a rebound.
2:23 of 1st period - Jordan Staal wins face-off versus Jack McBain in VANCOUVER VOODOO zone.
2:41 of 1st period - Shot by Ryan Strome.
2:41 of 1st period - Shot Misses the Net.
2:43 of 1st period - Shot by Ben Chiarot.
2:43 of 1st period - Shot Blocked by Chris Tanev.
2:45 of 1st period - Shot by Samuel Girard.
2:45 of 1st period - Shot Misses the Net.
2:47 of 1st period - Shot by Samuel Girard.
2:47 of 1st period - Stopped by Samuel Montembeault without a rebound.
2:48 of 1st period - Sidney Crosby wins face-off versus Joshua Norris in VANCOUVER VOODOO zone.
3:19 of 1st period - Shot by Jake Guentzel.
3:19 of 1st period - Stopped by Samuel Montembeault without a rebound.
3:20 of 1st period - Jordan Staal wins face-off versus Alex Newhook in VANCOUVER VOODOO zone.
3:35 of 1st period - Nick Bonino is hit by Jordan Staal and loses puck.
3:48 of 1st period - Shot by Nick Bonino.
3:48 of 1st period - Shot Misses the Net.
3:54 of 1st period - Shot by Patrick Kane.
3:54 of 1st period - Shot Misses the Net.
3:56 of 1st period - Shot by Jordan Harris.
3:56 of 1st period - Stopped by Cayden Primeau without a rebound.
3:57 of 1st period - Barclay Goodrow wins face-off versus Robert Fabbri in SASKATOON DUCKS zone.
4:01 of 1st period - Icing by Jake Sanderson.
4:02 of 1st period - Robert Fabbri wins face-off versus Barclay Goodrow in SASKATOON DUCKS zone.
4:02 of 1st period - Robert Fabbri is hit by Evander Kane.
4:15 of 1st period - Chris Tanev is hit by T.J. Brodie and loses puck.
4:22 of 1st period - T.J. Brodie is hit by Evander Kane and loses puck.
4:26 of 1st period - Icing by T.J. Brodie.
4:27 of 1st period - Robert Fabbri wins face-off versus Joshua Norris in SASKATOON DUCKS zone.
4:45 of 1st period - Icing by Jonathan Drouin.
4:46 of 1st period - Joshua Norris wins face-off versus Ryan Strome in VANCOUVER VOODOO zone.
4:55 of 1st period - Shot by Brock Boeser.
4:55 of 1st period - Shot Misses the Net.
5:20 of 1st period - Shot by Brock Boeser.
5:20 of 1st period - Shot Misses the Net.
5:50 of 1st period - Shot by Sidney Crosby.
5:50 of 1st period - Stopped by Samuel Montembeault with a rebound.
5:55 of 1st period - Icing by Braden Schneider.
5:56 of 1st period - Joshua Norris wins face-off versus Cam Atkinson in VANCOUVER VOODOO zone.
5:56 of 1st period - Joshua Norris is hit by Mathieu Joseph.
6:09 of 1st period - Icing by Erik Gustafsson.
6:10 of 1st period - Alex Newhook wins face-off versus Robert Fabbri in SASKATOON DUCKS zone.
6:12 of 1st period - Patrick Kane is hit by Emil Martinsen Lilleberg.
6:27 of 1st period - Cam Atkinson is hit by Damon Severson and loses puck.
6:33 of 1st period - Chris Tanev is hit by Emil Martinsen Lilleberg and loses puck.
6:34 of 1st period - Chris Tanev from VANCOUVER VOODOO is injured at 6:34 of 1st period (Sprained Left Finger).
6:35 of 1st period - Jack McBain wins face-off versus Jordan Staal in SASKATOON DUCKS zone.
6:35 of 1st period - Jack McBain is hit by Jake Sanderson.
6:38 of 1st period - Rafael Harvey-Pinard is hit by T.J. Brodie and loses puck.
6:44 of 1st period - Minor Penalty to Jake Sanderson for Elbowing.
6:45 of 1st period - Jordan Staal wins face-off versus Alex Newhook in SASKATOON DUCKS zone.
7:00 of 1st period - Shot by Alex Newhook.
7:00 of 1st period - Shot Misses the Net.
7:02 of 1st period - Shot by Jordan Harris.
7:02 of 1st period - Shot Blocked by Jordan Staal.
7:04 of 1st period - Shot by Simon Nemec.
7:04 of 1st period - Shot Blocked by Ben Chiarot.
8:19 of 1st period - Shot by Alex Newhook.
8:19 of 1st period - Stopped by Cayden Primeau without a rebound.
8:20 of 1st period - Evander Kane wins face-off versus Ryan Strome in SASKATOON DUCKS zone.
8:30 of 1st period - Shot by Alex Newhook.
8:30 of 1st period - Stopped by Cayden Primeau without a rebound.
8:31 of 1st period - Joshua Norris wins face-off versus Ryan Strome in SASKATOON DUCKS zone.
8:54 of 1st period - Shot by Sidney Crosby.
8:54 of 1st period - Shot Misses the Net.
9:01 of 1st period - Off-side.
9:02 of 1st period - Barclay Goodrow wins face-off versus Ryan Strome in neutral zone.
9:28 of 1st period - Shot by Damon Severson.
9:28 of 1st period - Shot Blocked by Jake Sanderson.
10:44 of 1st period - Alex Newhook is hit by Ben Chiarot and loses puck.
10:53 of 1st period - Shot by Mathieu Joseph.
10:53 of 1st period - Stopped by Samuel Montembeault without a rebound.
10:54 of 1st period - Jonathan Drouin wins face-off versus Jordan Staal in VANCOUVER VOODOO zone.
11:05 of 1st period - Shot by Brock Boeser.
11:05 of 1st period - Shot Misses the Net.
11:35 of 1st period - Braden Schneider is hit by Jordan Staal and loses puck.
13:09 of 1st period - Shot by Jake Guentzel.
13:09 of 1st period - Stopped by Samuel Montembeault with a rebound.
13:54 of 1st period - Icing by Simon Nemec.
13:55 of 1st period - Robert Fabbri wins face-off versus Alex Newhook in VANCOUVER VOODOO zone.
14:14 of 1st period - Shot by Mathieu Joseph.
14:14 of 1st period - Shot Blocked by Simon Nemec.
14:34 of 1st period - Shot by Jake Sanderson.
14:34 of 1st period - Shot Blocked by Damon Severson.
14:45 of 1st period - Jake Guentzel is hit by Damon Severson and loses puck.
14:56 of 1st period - Shot by Sidney Crosby.
14:56 of 1st period - Shot Blocked by Damon Severson.
15:01 of 1st period - Ivan Barbashev is hit by Nicolas Hague and loses puck.
15:15 of 1st period - Jake Guentzel is hit by Damon Severson and loses puck.
15:20 of 1st period - Shot by Sidney Crosby.
15:20 of 1st period - Shot Misses the Net.
15:48 of 1st period - Shot by Ondrej Palat.
15:48 of 1st period - Shot Blocked by Jack McBain.
15:56 of 1st period - Shot by Evander Kane.
15:56 of 1st period - Stopped by Cayden Primeau without a rebound.
15:57 of 1st period - Jack McBain wins face-off versus Robert Fabbri in SASKATOON DUCKS zone.
16:46 of 1st period - Off-side.
16:47 of 1st period - Barclay Goodrow wins face-off versus Jordan Staal in neutral zone.
17:01 of 1st period - Shot by Joel Armia.
17:01 of 1st period - Stopped by Cayden Primeau without a rebound.
17:02 of 1st period - Joshua Norris wins face-off versus Sidney Crosby in SASKATOON DUCKS zone.
18:37 of 1st period - Shot by Barclay Goodrow.
18:37 of 1st period - Stopped by Cayden Primeau with a rebound.
18:39 of 1st period - Shot by Barclay Goodrow.
18:39 of 1st period - Stopped by Cayden Primeau without a rebound.
18:40 of 1st period - Robert Fabbri wins face-off versus Jack McBain in SASKATOON DUCKS zone.
18:49 of 1st period - Shot by Mathieu Joseph.
18:49 of 1st period - Goal by Mathieu Joseph - VANCOUVER VOODOO : 0 - SASKATOON DUCKS : 1.
18:50 of 1st period - Sidney Crosby wins face-off versus Alex Newhook in neutral zone.
19:36 of 1st period - Shot by Sidney Crosby.
19:36 of 1st period - Deflect By Jake Guentzel.
19:36 of 1st period - Stopped by Samuel Montembeault without a rebound.
19:37 of 1st period - Jordan Staal wins face-off versus Barclay Goodrow in VANCOUVER VOODOO zone.
Goals for this period are 0 for VANCOUVER VOODOO vs 1 for SASKATOON DUCKS.
Shots for this period are 12 for VANCOUVER VOODOO vs 11 for SASKATOON DUCKS.

2nd period


0:01 of 2nd period - Alex Newhook wins face-off versus Jordan Staal in neutral zone.
0:20 of 2nd period - Shot by Ondrej Palat.
0:20 of 2nd period - Stopped by Samuel Montembeault without a rebound.
0:21 of 2nd period - Sidney Crosby wins face-off versus Barclay Goodrow in VANCOUVER VOODOO zone.
0:36 of 2nd period - Shot by Jake Guentzel.
0:36 of 2nd period - Shot Misses the Net.
0:42 of 2nd period - Shot by Evander Kane.
0:42 of 2nd period - Stopped by Cayden Primeau with a rebound.
0:44 of 2nd period - Shot by Nicolas Hague.
0:44 of 2nd period - Shot Misses the Net.
0:46 of 2nd period - Shot by Braden Schneider.
0:46 of 2nd period - Stopped by Cayden Primeau with a rebound.
0:48 of 2nd period - Shot by Barclay Goodrow.
0:48 of 2nd period - Stopped by Cayden Primeau without a rebound.
0:49 of 2nd period - Jordan Staal wins face-off versus Alex Newhook in SASKATOON DUCKS zone.
0:56 of 2nd period - Simon Nemec is hit by Jordan Staal and loses puck.
2:07 of 2nd period - Shot by Jonathan Drouin.
2:07 of 2nd period - Shot Misses the Net.
3:04 of 2nd period - Shot by Joel Armia.
3:04 of 2nd period - Shot Misses the Net.
3:06 of 2nd period - Shot by Barclay Goodrow.
3:06 of 2nd period - Stopped by Cayden Primeau without a rebound.
3:07 of 2nd period - Jack McBain wins face-off versus Robert Fabbri in SASKATOON DUCKS zone.
4:16 of 2nd period - Icing by Barclay Goodrow.
4:17 of 2nd period - Barclay Goodrow wins face-off versus Ryan Strome in VANCOUVER VOODOO zone.
4:26 of 2nd period - Icing by Erik Gustafsson.
4:27 of 2nd period - Ryan Strome wins face-off versus Nick Bonino in SASKATOON DUCKS zone.
4:38 of 2nd period - Shot by Kasperi Kapanen.
4:38 of 2nd period - Stopped by Samuel Montembeault without a rebound.
4:39 of 2nd period - Joshua Norris wins face-off versus Sidney Crosby in VANCOUVER VOODOO zone.
6:41 of 2nd period - Shot by Evander Kane.
6:41 of 2nd period - Deflect By Joel Armia.
6:41 of 2nd period - Stopped by Cayden Primeau without a rebound.
6:42 of 2nd period - Joshua Norris wins face-off versus Robert Fabbri in SASKATOON DUCKS zone.
6:42 of 2nd period - Jonathan Drouin is hit by Emil Martinsen Lilleberg and loses puck.
7:00 of 2nd period - Shot by Brock Boeser.
7:00 of 2nd period - Goal by Brock Boeser - VANCOUVER VOODOO : 1 - SASKATOON DUCKS : 1.
7:01 of 2nd period - Ryan Strome wins face-off versus Barclay Goodrow in neutral zone.
7:08 of 2nd period - Shot by Ryan Strome.
7:08 of 2nd period - Deflect By Kailer Yamamoto.
7:08 of 2nd period - Stopped by Samuel Montembeault with a rebound.
8:07 of 2nd period - Shot by Robert Fabbri.
8:07 of 2nd period - Shot Blocked by Barclay Goodrow.
8:23 of 2nd period - Mathieu Joseph is hit by Nick Bonino and loses puck.
8:42 of 2nd period - Shot by Patrick Kane.
8:42 of 2nd period - Shot Blocked by Robert Fabbri.
8:44 of 2nd period - Shot by Alex Newhook.
8:44 of 2nd period - Goal by Alex Newhook - VANCOUVER VOODOO : 2 - SASKATOON DUCKS : 1.
8:45 of 2nd period - Sidney Crosby wins face-off versus Joshua Norris in neutral zone.
9:14 of 2nd period - Shot by Ivan Barbashev.
9:14 of 2nd period - Shot Misses the Net.
9:28 of 2nd period - Shot by Jake Guentzel.
9:28 of 2nd period - Deflect By Sidney Crosby.
9:28 of 2nd period - Shot Misses the Net.
9:30 of 2nd period - Shot by Jake Guentzel.
9:30 of 2nd period - Stopped by Samuel Montembeault without a rebound.
9:31 of 2nd period - Jordan Staal wins face-off versus Alex Newhook in VANCOUVER VOODOO zone.
9:34 of 2nd period - Shot by Ondrej Palat.
9:34 of 2nd period - Shot Misses the Net.
9:47 of 2nd period - Minor Penalty to Ben Chiarot for Roughing.
9:48 of 2nd period - Jordan Staal wins face-off versus Alex Newhook in SASKATOON DUCKS zone.
10:05 of 2nd period - Icing by Nicolas Hague.
10:06 of 2nd period - Alex Newhook wins face-off versus Jordan Staal in VANCOUVER VOODOO zone.
10:15 of 2nd period - Shot by Alex Newhook.
10:15 of 2nd period - Shot Misses the Net.
10:45 of 2nd period - Icing by Alex Newhook.
10:46 of 2nd period - Jordan Staal wins face-off versus Alex Newhook in VANCOUVER VOODOO zone.
11:06 of 2nd period - Off-side.
11:07 of 2nd period - Joshua Norris wins face-off versus Ryan Strome in neutral zone.
11:12 of 2nd period - Shot by Jonathan Drouin.
11:12 of 2nd period - Stopped by Cayden Primeau without a rebound.
11:13 of 2nd period - Jordan Staal wins face-off versus Joshua Norris in SASKATOON DUCKS zone.
12:26 of 2nd period - Minor Penalty to Ivan Barbashev for Cross-checking.
12:27 of 2nd period - Jordan Staal wins face-off versus Alex Newhook in SASKATOON DUCKS zone.
12:53 of 2nd period - Shot by Simon Nemec.
12:53 of 2nd period - Stopped by Cayden Primeau with a rebound.
13:57 of 2nd period - Shot by Damon Severson.
13:57 of 2nd period - Stopped by Cayden Primeau with a rebound.
13:59 of 2nd period - Shot by Jonathan Drouin.
13:59 of 2nd period - Shot Misses the Net.
14:45 of 2nd period - Shot by Jake Guentzel.
14:45 of 2nd period - Stopped by Samuel Montembeault without a rebound.
14:46 of 2nd period - Barclay Goodrow wins face-off versus Robert Fabbri in VANCOUVER VOODOO zone.
14:46 of 2nd period - Barclay Goodrow is hit by Mathieu Joseph.
14:57 of 2nd period - Minor Penalty to Ben Chiarot for Goalie Interference.
14:58 of 2nd period - Jordan Staal wins face-off versus Joshua Norris in SASKATOON DUCKS zone.
15:03 of 2nd period - Shot by T.J. Brodie.
15:03 of 2nd period - Stopped by Samuel Montembeault with a rebound.
15:21 of 2nd period - Shot by Patrick Kane.
15:21 of 2nd period - Stopped by Cayden Primeau without a rebound.
15:22 of 2nd period - Alex Newhook wins face-off versus Ryan Strome in SASKATOON DUCKS zone.
16:31 of 2nd period - Shot by Jonathan Drouin.
16:31 of 2nd period - Shot Misses the Net.
16:33 of 2nd period - Shot by Simon Nemec.
16:33 of 2nd period - Shot Misses the Net.
16:35 of 2nd period - Shot by Jonathan Drouin.
16:35 of 2nd period - Shot Blocked by Cam Atkinson.
16:39 of 2nd period - Shot by Jonathan Drouin.
16:39 of 2nd period - Shot Misses the Net.
16:41 of 2nd period - Shot by Joshua Norris.
16:41 of 2nd period - Deflect By Patrick Kane.
16:41 of 2nd period - Shot Misses the Net.
16:43 of 2nd period - Shot by Joshua Norris.
16:43 of 2nd period - Stopped by Cayden Primeau without a rebound.
16:44 of 2nd period - Ryan Strome wins face-off versus Evander Kane in SASKATOON DUCKS zone.
17:51 of 2nd period - Shot by Sidney Crosby.
17:51 of 2nd period - Stopped by Samuel Montembeault without a rebound.
17:52 of 2nd period - Alex Newhook wins face-off versus Sidney Crosby in VANCOUVER VOODOO zone.
17:52 of 2nd period - Alex Newhook is hit by Sidney Crosby.
18:06 of 2nd period - Shot by Alex Newhook.
18:06 of 2nd period - Shot Blocked by Samuel Girard.
19:19 of 2nd period - Off-side.
19:20 of 2nd period - Barclay Goodrow wins face-off versus Jordan Staal in neutral zone.
19:29 of 2nd period - Shot by Barclay Goodrow.
19:29 of 2nd period - Shot Misses the Net.
19:40 of 2nd period - Off-side.
19:41 of 2nd period - Sidney Crosby wins face-off versus Joshua Norris in neutral zone.
19:45 of 2nd period - Icing by Braden Schneider.
19:46 of 2nd period - Joshua Norris wins face-off versus Sidney Crosby in VANCOUVER VOODOO zone.
19:49 of 2nd period - Minor Penalty to Ivan Barbashev for Charging.
19:50 of 2nd period - Joshua Norris wins face-off versus Jordan Staal in SASKATOON DUCKS zone.
Goals for this period are 2 for VANCOUVER VOODOO vs 0 for SASKATOON DUCKS.
Shots for this period are 12 for VANCOUVER VOODOO vs 7 for SASKATOON DUCKS.

3rd period


0:01 of 3rd period - Jordan Staal wins face-off versus Joshua Norris in neutral zone.
0:10 of 3rd period - Shot by Cam Atkinson.
0:10 of 3rd period - Shot Misses the Net.
0:18 of 3rd period - Shot by Joshua Norris.
0:18 of 3rd period - Shot Misses the Net.
0:20 of 3rd period - Shot by Damon Severson.
0:20 of 3rd period - Deflect By Joshua Norris.
0:20 of 3rd period - Shot Misses the Net.
0:22 of 3rd period - Shot by Damon Severson.
0:22 of 3rd period - Stopped by Cayden Primeau without a rebound.
0:23 of 3rd period - Alex Newhook wins face-off versus Ryan Strome in SASKATOON DUCKS zone.
0:30 of 3rd period - Shot by Alex Newhook.
0:30 of 3rd period - Shot Misses the Net.
0:58 of 3rd period - Jordan Staal is hit by Evander Kane and loses puck.
1:08 of 3rd period - Icing by Jordan Harris.
1:09 of 3rd period - Alex Newhook wins face-off versus Ryan Strome in VANCOUVER VOODOO zone.
1:54 of 3rd period - Shot by Sidney Crosby.
1:54 of 3rd period - Deflect By Jake Guentzel.
1:54 of 3rd period - Shot Misses the Net.
2:00 of 3rd period - Shot by Sidney Crosby.
2:00 of 3rd period - Stopped by Samuel Montembeault without a rebound.
2:01 of 3rd period - Jack McBain wins face-off versus Sidney Crosby in VANCOUVER VOODOO zone.
2:03 of 3rd period - Icing by Damon Severson.
2:04 of 3rd period - Sidney Crosby wins face-off versus Jack McBain in VANCOUVER VOODOO zone.
2:15 of 3rd period - Shot by Rafael Harvey-Pinard.
2:15 of 3rd period - Shot Blocked by Samuel Girard.
2:17 of 3rd period - Shot by Damon Severson.
2:17 of 3rd period - Stopped by Cayden Primeau with a rebound.
2:19 of 3rd period - Shot by Rafael Harvey-Pinard.
2:19 of 3rd period - Shot Blocked by Ben Chiarot.
2:21 of 3rd period - Shot by Damon Severson.
2:21 of 3rd period - Stopped by Cayden Primeau without a rebound.
2:22 of 3rd period - Joshua Norris wins face-off versus Robert Fabbri in SASKATOON DUCKS zone.
2:54 of 3rd period - Minor Penalty to Jonathan Drouin for Hooking.
2:55 of 3rd period - Jordan Staal wins face-off versus Nick Bonino in VANCOUVER VOODOO zone.
3:06 of 3rd period - Shot by Ivan Barbashev.
3:06 of 3rd period - Shot Misses the Net.
3:08 of 3rd period - Shot by Jordan Staal.
3:08 of 3rd period - Stopped by Samuel Montembeault with a rebound.
3:10 of 3rd period - Shot by Samuel Girard.
3:10 of 3rd period - Stopped by Samuel Montembeault without a rebound.
3:11 of 3rd period - Nick Bonino wins face-off versus Jordan Staal in VANCOUVER VOODOO zone.
4:40 of 3rd period - Shot by Mathieu Joseph.
4:40 of 3rd period - Shot Misses the Net.
4:42 of 3rd period - Shot by Mathieu Joseph.
4:42 of 3rd period - Stopped by Samuel Montembeault with a rebound.
5:16 of 3rd period - Jack McBain is hit by Emil Martinsen Lilleberg and loses puck.
5:22 of 3rd period - Icing by Erik Gustafsson.
5:23 of 3rd period - Ryan Strome wins face-off versus Alex Newhook in SASKATOON DUCKS zone.
6:17 of 3rd period - Icing by Brock Boeser.
6:18 of 3rd period - Joshua Norris wins face-off versus Sidney Crosby in VANCOUVER VOODOO zone.
6:35 of 3rd period - Shot by Joshua Norris.
6:35 of 3rd period - Shot Blocked by Sidney Crosby.
6:37 of 3rd period - Shot by Jonathan Drouin.
6:37 of 3rd period - Shot Misses the Net.
6:57 of 3rd period - Shot by Jake Guentzel.
6:57 of 3rd period - Stopped by Samuel Montembeault with a rebound.
7:04 of 3rd period - Off-side.
7:05 of 3rd period - Robert Fabbri wins face-off versus Barclay Goodrow in neutral zone.
7:48 of 3rd period - Icing by Mathieu Joseph.
7:49 of 3rd period - Robert Fabbri wins face-off versus Alex Newhook in SASKATOON DUCKS zone.
7:49 of 3rd period - Robert Fabbri is hit by Patrick Kane.
8:15 of 3rd period - Icing by Damon Severson.
8:16 of 3rd period - Ryan Strome wins face-off versus Alex Newhook in VANCOUVER VOODOO zone.
8:43 of 3rd period - Shot by Ryan Strome.
8:43 of 3rd period - Stopped by Samuel Montembeault with a rebound.
8:45 of 3rd period - Shot by Jake Sanderson.
8:45 of 3rd period - Stopped by Samuel Montembeault with a rebound.
8:57 of 3rd period - Shot by Brock Boeser.
8:57 of 3rd period - Deflect By Jonathan Drouin.
8:57 of 3rd period - Stopped by Cayden Primeau without a rebound.
8:58 of 3rd period - Sidney Crosby wins face-off versus Barclay Goodrow in SASKATOON DUCKS zone.
9:10 of 3rd period - Off-side.
9:11 of 3rd period - Joshua Norris wins face-off versus Sidney Crosby in neutral zone.
9:45 of 3rd period - Shot by Sidney Crosby.
9:45 of 3rd period - Shot Misses the Net.
10:06 of 3rd period - Icing by Jonathan Drouin.
10:07 of 3rd period - Jordan Staal wins face-off versus Joshua Norris in VANCOUVER VOODOO zone.
10:13 of 3rd period - Icing by Nicolas Hague.
10:14 of 3rd period - Joshua Norris wins face-off versus Jordan Staal in VANCOUVER VOODOO zone.
10:31 of 3rd period - Shot by Jordan Staal.
10:31 of 3rd period - Stopped by Samuel Montembeault with a rebound.
10:33 of 3rd period - Shot by Ryan Strome.
10:33 of 3rd period - Shot Blocked by Braden Schneider.
11:29 of 3rd period - Off-side.
11:30 of 3rd period - Barclay Goodrow wins face-off versus Sidney Crosby in neutral zone.
11:33 of 3rd period - Shot by Evander Kane.
11:33 of 3rd period - Shot Misses the Net.
11:59 of 3rd period - Shot by Evander Kane.
11:59 of 3rd period - Shot Blocked by Erik Gustafsson.
12:01 of 3rd period - Shot by Damon Severson.
12:01 of 3rd period - Shot Misses the Net.
12:09 of 3rd period - Shot by Sidney Crosby.
12:09 of 3rd period - Stopped by Samuel Montembeault without a rebound.
12:10 of 3rd period - Jack McBain wins face-off versus Robert Fabbri in VANCOUVER VOODOO zone.
12:21 of 3rd period - Shot by Jack McBain.
12:21 of 3rd period - Shot Misses the Net.
12:23 of 3rd period - Shot by Rafael Harvey-Pinard.
12:23 of 3rd period - Shot Misses the Net.
12:25 of 3rd period - Shot by Nicolas Hague.
12:25 of 3rd period - Stopped by Cayden Primeau without a rebound.
12:26 of 3rd period - Jordan Staal wins face-off versus Alex Newhook in SASKATOON DUCKS zone.
12:26 of 3rd period - Jordan Staal is hit by Patrick Kane.
13:02 of 3rd period - Shot by Ryan Strome.
13:02 of 3rd period - Stopped by Samuel Montembeault without a rebound.
13:03 of 3rd period - Sidney Crosby wins face-off versus Joshua Norris in VANCOUVER VOODOO zone.
13:04 of 3rd period - Shot by Ivan Barbashev.
13:04 of 3rd period - Shot Misses the Net.
13:44 of 3rd period - Jake Sanderson is hit by Brock Boeser and loses puck.
13:54 of 3rd period - Sidney Crosby is hit by Nicolas Hague.
14:04 of 3rd period - Shot by Joel Armia.
14:04 of 3rd period - Shot Blocked by Jake Sanderson.
14:07 of 3rd period - Icing by Jake Sanderson.
14:08 of 3rd period - Sidney Crosby wins face-off versus Alex Newhook in SASKATOON DUCKS zone.
15:16 of 3rd period - Braden Schneider is hit by Cam Atkinson and loses puck.
15:38 of 3rd period - Jonathan Drouin is hit by Emil Martinsen Lilleberg and loses puck.
16:06 of 3rd period - Icing by Braden Schneider.
16:07 of 3rd period - Sidney Crosby wins face-off versus Joshua Norris in VANCOUVER VOODOO zone.
16:12 of 3rd period - Shot by Jake Guentzel.
16:12 of 3rd period - Stopped by Samuel Montembeault without a rebound.
16:13 of 3rd period - Sidney Crosby wins face-off versus Barclay Goodrow in VANCOUVER VOODOO zone.
16:14 of 3rd period - Shot by Jake Guentzel.
16:14 of 3rd period - Shot Misses the Net.
16:32 of 3rd period - Shot by Barclay Goodrow.
16:32 of 3rd period - Stopped by Cayden Primeau without a rebound.
16:33 of 3rd period - Jordan Staal wins face-off versus Jack McBain in SASKATOON DUCKS zone.
16:43 of 3rd period - Shot by Ryan Strome.
16:43 of 3rd period - Stopped by Samuel Montembeault with a rebound.
16:49 of 3rd period - Shot by Ondrej Palat.
16:49 of 3rd period - Shot Misses the Net.
16:51 of 3rd period - Shot by T.J. Brodie.
16:51 of 3rd period - Stopped by Samuel Montembeault without a rebound.
16:52 of 3rd period - Sidney Crosby wins face-off versus Alex Newhook in VANCOUVER VOODOO zone.
16:57 of 3rd period - Shot by Jake Guentzel.
16:57 of 3rd period - Stopped by Samuel Montembeault without a rebound.
16:58 of 3rd period - Jordan Staal wins face-off versus Alex Newhook in VANCOUVER VOODOO zone.
17:35 of 3rd period - Jordan Staal is hit by Patrick Kane and loses puck.
18:04 of 3rd period - Jake Guentzel is hit by Alex Newhook and loses puck.
18:26 of 3rd period - Sidney Crosby is hit by Nicolas Hague and loses puck.
18:33 of 3rd period - Shot by Jake Guentzel.
18:33 of 3rd period - Deflect By Sidney Crosby.
18:33 of 3rd period - Shot Misses the Net.
18:55 of 3rd period - Shot by Cam Atkinson.
18:55 of 3rd period - Shot Blocked by Braden Schneider.
18:57 of 3rd period - Shot by Mathieu Joseph.
18:57 of 3rd period - Shot Misses the Net.
19:01 of 3rd period - SASKATOON DUCKS, Cayden Primeau is pulled from the net.
19:07 of 3rd period - Shot by Cam Atkinson.
19:07 of 3rd period - Shot Blocked by Braden Schneider.
19:13 of 3rd period - Shot by Mathieu Joseph.
19:13 of 3rd period - Shot Misses the Net.
19:15 of 3rd period - Shot by Erik Gustafsson.
19:15 of 3rd period - Shot Misses the Net.
19:17 of 3rd period - Shot by Mathieu Joseph.
19:17 of 3rd period - Stopped by Samuel Montembeault without a rebound.
19:18 of 3rd period - Sidney Crosby wins face-off versus Alex Newhook in VANCOUVER VOODOO zone.
19:31 of 3rd period - Shot by Jake Guentzel.
19:31 of 3rd period - Shot Misses the Net.
19:37 of 3rd period - Shot by Sidney Crosby.
19:37 of 3rd period - Stopped by Samuel Montembeault without a rebound.
19:38 of 3rd period - Nick Bonino wins face-off versus Mathieu Joseph in VANCOUVER VOODOO zone.
Goals for this period are 0 for VANCOUVER VOODOO vs 0 for SASKATOON DUCKS.
Shots for this period are 6 for VANCOUVER VOODOO vs 16 for SASKATOON DUCKS.


MATTHEW
TKACHUK
TOM
WILSON
JAKE
GUENTZEL